 Dungeon Crawl Stone Soup version 0.19-a0-450-g98b348d (webtiles) character file.

105 Skanax the Grave Robber (level 4, -1/30 HPs)
             Began as a Demonspawn Necromancer on June 1, 2016.
             Slain by a gnoll
             ... wielding a +0 halberd
              (6 damage)
             ... on level 3 of the Dungeon.
             The game lasted 00:10:22 (2540 turns).

Skanax the Grave Robber (Demonspawn Necromancer)    Turns: 2540, Time: 00:10:23

Health: -1/30      AC:  2    Str:  8    XL:     4   Next: 53%
Magic:  6/8        EV:  7    Int: 17    God:
Gold:   73         SH:  0    Dex: 14    Spells: 3 memorised, 4 levels left

rFire  . . .     SeeInvis .     n - +5 club
rCold  . . .     Gourm    .     o - +0 robe
rNeg   . . .     Faith    .     (no shield)
rPois  .         Spirit   .     (no helmet)
rElec  .         Dismiss  .     (no cloak)
rCorr  .         Reflect  .     (no gloves)
SustAt .         Harm     .     (no boots)
MR     .....                    (no amulet)
Stlth  ++........               (no ring)
                                (no ring)

@: not resistant to hostile enchantments, unstealthy
A: powered by pain 2
a: no special abilities


You were on level 3 of the Dungeon.
You were not hungry.

You visited 1 branch of the dungeon, and saw 3 of its levels.

You collected 73 gold pieces.

Inventory:

Hand Weapons
 d - a +0 whip
 h - a +0 dagger
 i - a +0 hunting sling
 l - a +0 mace of draining
 n - a +5 club (weapon)
Missiles
 e - 127 stones (quivered)
 f - 13 poisoned needles
 k - 9 sling bullets
Armour
 a - a +0 robe
 o - a +0 robe (worn)
Jewellery
 j - an uncursed amulet of rage
Potions
 m - a potion of degeneration {unknown}
Books
 b - a book of Necromancy

   Spells                             Type                      Level
   a - Pain                           Necromancy                   1
   b - Animate Skeleton               Necromancy                   1
   c - Vampiric Draining              Necromancy                   3
   d - Regeneration                   Charms/Necromancy            3
   e - Animate Dead                   Necromancy                   4
   f - Control Undead                 Necromancy                   4


   Skills:
 + Level 0.3 Slings
 + Level 1.8 Dodging
 + Level 2.1 Stealth
 + Level 3.1 Spellcasting
 + Level 5.5 Necromancy


You had 4 spell levels left.
You knew the following spells:

 Your Spells              Type           Power        Failure   Level  Hunger
a - Pain                  Necr           ###.         1%          1    None
b - Animate Skeleton      Necr           N/A          1%          1    None
c - Regeneration          Chrm/Necr      ##........   17%         3    ###....


Dungeon Overview and Level Annotations

Branches:
Dungeon (3/15)

Altars:
Nemelex Xobeh
Uskayaw
Vehumet


Innate Abilities, Weirdness & Mutations

You sometimes gain power by taking damage.


Message History

The gnoll convulses in agony!
The gnoll hits you with a spear. The gnoll hits you but does no damage.
Casting: Pain
Confirm with . or Enter, or press ? or * to list all spells.
Aiming: Pain
Press: ? - help, Shift-Dir - straight line, f/p - gnoll
Aim: a gnoll, wielding a spear (severely wounded, chance to defeat MR: 86%)
The gnoll barely resists.
The gnoll hits you with a spear. The gnoll hits you with a halberd!
* * * LOW HITPOINT WARNING * * *
You hit the gnoll.
The gnoll is moderately wounded.
The gnoll hits you with a spear.
* * * LOW HITPOINT WARNING * * *
The gnoll hits you with a halberd.
* * * LOW HITPOINT WARNING * * *
The gnoll barely misses you.
You can't go down here!
The gnoll hits you with a halberd.
You die...

# #.# #)# .. #.#
#.# .. #.# #.#
##.# #.# #.#
##....######.# #.#
.....>....<#.# #g#
#....####.#.# #.#
#.....g....#####.#
###..@g........(.#
######.#########
#.# #.# ..# ###


You could see 2 gnolls.

Vanquished Creatures
  Jessica (D:2)
  2 gnolls (D:3)
  An ooze (D:2)
  2 worms (D:2)
  2 dart slugs (D:1)
  A giant gecko (D:1)
  4 giant cockroaches
  6 hobgoblins
  A ball python (D:2)
  7 bats
  A giant newt (D:1)
  6 goblins
  2 kobolds (D:1)
  5 rats
41 creatures vanquished.

Vanquished Creatures (collateral kills)
  A worm (D:2)
  A giant gecko (D:1)
  2 giant newts (D:1)
  A rat (D:1)
5 creatures vanquished.

Grand Total: 46 creatures vanquished

Notes
Turn   | Place    | Note
--------------------------------------------------------------
     0 | D:1      | Skanax the Demonspawn Necromancer began the quest for the Orb.
     0 | D:1      | Reached XP level 1. HP: 13/13 MP: 3/3
     2 | D:1      | Learned a level 1 spell: Animate Skeleton
   240 | D:1      | Gained mutation: You sometimes gain a little power by taking damage. [demonic ancestry]
   240 | D:1      | Reached XP level 2. HP: 16/19 MP: 1/5
   873 | D:1      | Reached skill level 5 in Necromancy
  1158 | D:1      | Gained mutation: You sometimes gain power by taking damage. [demonic ancestry]
  1158 | D:1      | Reached XP level 3. HP: 22/24 MP: 2/6
  1271 | D:1      | Learned a level 3 spell: Regeneration
  1418 | D:2      | Found a sparkling altar of Nemelex Xobeh.
  1469 | D:2      | Found a radiant altar of Vehumet.
  1907 | D:2      | Found a hide-covered altar of Uskayaw.
  1911 | D:2      | Noticed Jessica
  1916 | D:2      | Killed Jessica
  1916 | D:2      | Reached XP level 4. HP: 11/30 MP: 1/8
  2540 | D:3      | Slain by a gnoll

Vault maps used:
D:1:      mainiacjoe_arrival_reflecting_pool, serial_glass, glass_columns_b,
          glass_columns_a, glass_columns_a, glass_columns_a
D:2:      lemuel_round_altar, fiery_altar_vehumet, nemelex_diamond_rough_becter,
          uniq_jessica
D:3:      gammafunk_temple_overflow_statue

Skill      XL: |  1  2  3  4 |
---------------+-------------+-----
Necromancy     | 5 |  5.5
Stealth        | 2 |  2.1
Spellcasting   | 3 |  3.1
Slings         | |  0.3
Dodging        | |  1.8

Action                   |  1- 3 |  4- 6 || total
-------------------------+-------+-------++-------
Melee: Whip              |     1 |       ||     1
       Club              |       |     4 ||     4
 Fire: Hunting sling     |     2 |       ||     2
Throw: Stone             |     1 |     2 ||     3
 Cast: Pain              |    70 |    18 ||    88
       Animate Skeleton  |    15 |     2 ||    17
  Use: Scroll            |     4 |       ||     4
       Potion            |       |     1 ||     1
  Eat: Chunk             |     4 |       ||     4
       Bread ration      |       |     1 ||     1
Armor: Robe              |     5 |     1 ||     6
Dodge: Dodged            |     9 |     9 ||    18
